Checkers vs Wolfpack (R1)

Created - May 16, 2025 at 19:52

Goals
1 2 3 T
Checkers 2 2 1 5
Wolfpack 1 1 1 3
Shots
1 2 3 T
Checkers 10 15 7 32
Wolfpack 5 17 12 34

1st period

1. Checkers , Patrick Brown 33 (Dylan Gambrell 80, Nathan Walker 65) at 6:04
2. Wolfpack , Sebastian Collberg 53 (Nolan Patrick 70, Cale Fleury 16) at 7:58
3. Checkers , Patrick Brown 34 (Nathan Walker 66, Dylan Gambrell 81) at 10:27 (PP)

Penalties :
Dryden Hunt (Har) for Tripping (Minor) at 2:08, Alexander Romanov (Cha) for Interference (Minor) at 8:01, Jake Marchment (Har) for Roughing (Minor) at 10:18, Alexander Barabanov (Har) for Roughing (Minor) at 12:17

2nd period

4. Checkers , Austin Poganski 23 (Adam Boqvist 30, Nathan Walker 67) at 14:16
5. Wolfpack , Alexander Barabanov 31 (Sebastian Collberg 51) at 18:29 (PP)
6. Checkers , Nick Abruzzese 25 (Brendan Leipsic 18, Adam Boqvist 31) at 19:28

Penalties :
Nathan Walker (Cha) for Holding (Minor) at 14:17, Viktor Baldayev (Cha) for Tripping (Minor) at 18:12, Dylan Gambrell (Cha) for Slashing (Minor) at 19:51

3rd period

7. Wolfpack , Sebastian Collberg 54 (Derrick Pouliot 55, Ryan Culkin 31) at 0:13 (PP)
8. Checkers , Brendan Leipsic 15 (Adam Boqvist 32, Nathan Walker 68) at 4:06

Penalties :
Nathan Walker (Cha) for Tripping (Minor) at 1:57, Dylan Gambrell (Cha) for Cross-checking (Minor) at 5:29, Michael Anderson (Cha) for Hooking (Minor) at 8:06, Dryden Hunt (Har) for Hooking (Minor) at 11:04

Goalie Stats

Brandon Halverson (Cha), 31 saves from 34 shots - (0.912), W, 12-6-0, 60:00 minutes
Samuel Ersson (Har), 27 saves from 32 shots - (0.844), L, 15-17-5, 60:00 minutes

Players Stats for Checkers

Player Name              G  A  P  +/- PIM S  H  SB GA TA FO     MP     PP MP  PK MP  
------------------------------------------------------------------------------------
                         0  0  0   0  0   0  0  0  0  0  0/0     0:00   0:00   0:00 
                         0  0  0   0  0   0  0  0  0  0  0/0     0:00   0:00   0:00 
                         0  0  0   0  0   0  0  0  0  0  0/0     0:00   0:00   0:00 
                         0  0  0   0  0   0  0  0  0  0  0/0     0:00   0:00   0:00 
                         0  0  0   0  0   0  0  0  0  0  0/0     0:00   0:00   0:00 
                         0  0  0   0  0   0  0  0  0  0  0/0     0:00   0:00   0:00 
                         0  0  0   0  0   0  0  0  0  0  0/0     0:00   0:00   0:00 
Adam Boqvist             0  3  3   3  0   2  3  3  0  2  0/0    21:00   4:19   4:33 
Alexander Romanov        0  0  0   0  2   0  2  5  0  0  0/0    25:26   1:47   3:35 
Austin Poganski          1  0  1   2  0   2  2  0  0  0  1/1    16:28   2:45   2:40 
Brendan Leipsic          1  1  2   3  0   6  1  0  1  0  0/1    14:49   2:45   1:18 
Dylan Gambrell           0  2  2   0  4   4  2  1  0  0  18/27  22:44   3:14   2:43 
Jordan Harris            0  0  0   1  0   0  0  0  0  0  0/0    11:51   0:00   1:04 
Kieffer Bellows          0  0  0   0  0   0  0  0  0  0  0/0     9:39   0:07   0:00 
Michael Anderson         0  0  0   1  2   1  0  0  0  1  0/0    11:09   0:00   0:11 
Mitchell Heard           0  0  0   1  0   1  0  0  0  0  3/12   10:59   0:24   0:47 
Nathan Walker            0  4  4   1  4   2  0  2  0  0  2/4    22:59   3:19   2:15 
Nick Abruzzese           1  0  1   2  0   2  0  0  1  1  7/17   18:52   2:28   5:42 
Patrick Brown            2  0  2   0  0   4  2  0  1  1  1/2    24:55   3:14   5:43 
Rafael Harvey-Pinard     0  0  0   0  0   2  0  0  0  1  0/0     6:01   0:00   0:00 
Roberts Lipsbergs        0  0  0   0  0   3  1  0  0  0  0/1     9:36   0:02   0:00 
Ryan Pulock              0  0  0  -1  0   0  0  4  1  1  0/0    28:13   1:47   6:01 
Shane Bowers             0  0  0   0  0   1  1  0  0  0  1/3     6:01   0:00   0:00 
Tyce Thompson            0  0  0   0  0   0  0  0  0  0  1/1     6:01   0:00   0:00 
Viktor Baldayev          0  0  0   2  2   2  0  2  0  0  0/0    22:36   4:19   5:44 

Players Stats for Wolfpack

Player Name              G  A  P  +/- PIM S  H  SB GA TA FO     MP     PP MP  PK MP  
------------------------------------------------------------------------------------
                         0  0  0   0  0   0  0  0  0  0  0/0     0:00   0:00   0:00 
                         0  0  0   0  0   0  0  0  0  0  0/0     0:00   0:00   0:00 
                         0  0  0   0  0   0  0  0  0  0  0/0     0:00   0:00   0:00 
                         0  0  0   0  0   0  0  0  0  0  0/0     0:00   0:00   0:00 
                         0  0  0   0  0   0  0  0  0  0  0/0     0:00   0:00   0:00 
                         0  0  0   0  0   0  0  0  0  0  0/0     0:00   0:00   0:00 
                         0  0  0   0  0   0  0  0  0  0  0/0     0:00   0:00   0:00 
Alex Barre-Boulet        0  0  0  -2  0   1  1  1  0  0  6/12   15:23   4:27   0:00 
Alexander Barabanov      1  0  1   1  2   4  0  0  1  1  1/2    22:35   5:51   1:30 
Andrei Altybarmakyan     0  0  0  -1  0   2  0  0  0  0  0/0     9:31   0:16   1:16 
Cale Fleury              0  1  1   0  0   0  0  0  0  0  0/0     9:23   0:00   0:00 
Colton White             0  0  0  -1  0   2  1  2  0  1  0/0    22:36   4:07   2:39 
Derrick Pouliot          0  1  1  -2  0   2  4  0  0  0  0/0    28:01   6:27   3:27 
Dryden Hunt              0  0  0  -2  4   2  3  0  0  1  0/0    16:04   4:27   0:23 
Jake Marchment           0  0  0  -2  2   1  1  0  0  0  3/7     9:47   0:16   0:07 
Jeffrey Viel             0  0  0   0  0   0  1  0  0  0  0/1     7:53   0:00   0:09 
Joshua Jacobs            0  0  0   0  0   0  2  3  0  0  0/0     9:23   0:00   0:00 
K'Andre Miller           0  0  0  -1  0   0  2  0  0  0  0/0    22:36   4:07   2:39 
Linus Sandin             0  0  0  -2  0   0  3  0  1  0  0/1     9:41   0:16   0:00 
Nolan Patrick            0  1  1   1  0   7  2  0  1  0  20/35  24:11   5:51   3:27 
Owen Tippet              0  0  0  -2  0   1  0  1  0  0  1/1    17:38   4:27   1:53 
Ryan Culkin              0  1  1  -2  0   3  1  2  1  1  0/0    28:01   6:27   3:27 
Sebastian Collberg       2  1  3   1  0   8  1  1  2  0  3/7    24:11   5:51   3:27 
Shane Pinto              0  0  0   0  0   1  1  0  1  0  1/3     7:43   0:00   0:00 
Yegor Korshkov           0  0  0  -1  0   0  3  0  0  0  0/0     9:13   0:00   0:00 

3 Stars

1 - Adam Boqvist (Cha)
2 - Sebastian Collberg (Har)
3 - Brendan Leipsic (Cha)

Power Play

Checkers - 1 on 4 Attempt(s) - 25.00%
Wolfpack - 2 on 7 Attempt(s) - 28.57%

Penalty Kill

Checkers - 5 on 7 Attempt(s) - 71.43% - Score 0 goal in Penalty Kill
Wolfpack - 3 on 4 Attempt(s) - 75.00% - Score 0 goal in Penalty Kill

Team Stat

Checkers - Hits : 14 - Faceoff Wins : 34 - Blocked Shots : 17 - Penalty Minutes : 14
Wolfpack - Hits : 26 - Faceoff Wins : 35 - Blocked Shots : 10 - Penalty Minutes : 8

Official

Referees : Graham Skilliter and Francis Charron
Linesman : Ryan Galloway and Ryan Gibbons

Game Notes

No Game Note

Finance

Level 1 -- Attendance: 1850 (92.50%) -- Ticket Income $129,500
Level 2 -- Attendance: 946 (94.60%) -- Ticket Income $37,840
Total Attendance: 2796 (93.20%)
Total Ticket Income: $167,340
Other Income: $8,367
Total Income: $175,707

Checkers

5 vs 5 Forward 
   Center                   Left Wing                Right Wing               Time % Phy DF OF 
 1 Dylan Gambrell           Nathan Walker            Patrick Brown            40     0   2  3  
 2 Nick Abruzzese           Brendan Leipsic          Austin Poganski          30     0   2  3  
 3 Mitchell Heard           Roberts Lipsbergs        Kieffer Bellows          20     0   2  3  
 4 Shane Bowers             Rafael Harvey-Pinard     Tyce Thompson            10     0   2  3  

5 vs 5 Defense 
   Defense                  Defense                                           Time % Phy DF OF 
 1 Ryan Pulock              Alexander Romanov                                 40     0   2  3  
 2 Viktor Baldayev          Adam Boqvist                                      30     0   2  3  
 3 Jordan Harris            Michael Anderson                                  20     0   2  3  
 4 Ryan Pulock              Alexander Romanov                                 10     0   2  3  

PowerPlay Forward 
   Center                   Left Wing                Right Wing               Time % Phy DF OF 
 1 Dylan Gambrell           Nathan Walker            Patrick Brown            60     0   1  4  
 2 Nick Abruzzese           Brendan Leipsic          Austin Poganski          40     0   1  4  

PowerPlay Defense
   Defense                  Defense                                           Time % Phy DF OF 
 1 Viktor Baldayev          Adam Boqvist                                      60     0   2  3  
 2 Ryan Pulock              Alexander Romanov                                 40     0   2  3  

Penalty Kill 4 Players Forward 
   Center                   Wing                     Time % Phy DF OF 
 1 Nick Abruzzese           Patrick Brown            60     1   3  1  
 2 Dylan Gambrell           Nathan Walker            40     1   3  1  

Penalty Kill 4 Players Defense
   Defense                  Defense                  Time % Phy DF OF 
 1 Viktor Baldayev          Ryan Pulock              60     1   4  0  
 2 Adam Boqvist             Alexander Romanov        40     1   4  0  

Penalty Kill - 3 Players Forward 
   Forward                                           Time % Phy DF OF 
 1 Patrick Brown                                     60     1   3  1  
 2 Nathan Walker                                     40     1   3  1  

Penalty Kill - 3 Players Defense
   Defense                  Defense                  Time % Phy DF OF 
 1 Viktor Baldayev          Ryan Pulock              60     1   4  0  
 2 Adam Boqvist             Alexander Romanov        40     1   4  0  

4 vs 4 Forward 
   Center                   Wing                     Time % Phy DF OF 
 1 Dylan Gambrell           Nathan Walker            60     0   2  3  
 2 Nick Abruzzese           Patrick Brown            40     0   2  3  

4 vs 4 Defense
   Defense                  Defense                  Time % Phy DF OF 
 1 Ryan Pulock              Alexander Romanov        60     0   2  3  
 2 Viktor Baldayev          Adam Boqvist             40     0   2  3  

Last Minutes Offensive
   Center                   Left Wing                Right Wing               Defense                  Defense                  
   Dylan Gambrell           Nathan Walker            Patrick Brown            Adam Boqvist             Ryan Pulock              

Last Minutes Defensive
   Center                   Left Wing                Right Wing               Defense                  Defense                  
   Dylan Gambrell           Nathan Walker            Austin Poganski          Viktor Baldayev          Ryan Pulock              

Goaltenders
Starting : Brandon Halverson        
Backup : Joseph Woll              

Extra Forwards
Normal : Nick Abruzzese, Nathan Walker, Dylan Gambrell - PP : Nick Abruzzese, Nathan Walker - PK : Austin Poganski
Extra Defensemen
Normal : Adam Boqvist, Alexander Romanov, Ryan Pulock - PP : Adam Boqvist - PK : Jordan Harris, Viktor Baldayev
Penalty Shots
Adam Boqvist, Dylan Gambrell, Nathan Walker, Kieffer Bellows, Nick Abruzzese
Custom OT Lines Forwards
Dylan Gambrell, Nathan Walker, Nick Abruzzese, Tyce Thompson, Patrick Brown, Roberts Lipsbergs, Austin Poganski, Kieffer Bellows, Rafael Harvey-Pinard, Brendan Leipsic
Custom OT Lines Defensemen
Alexander Romanov, Ryan Pulock, Viktor Baldayev, Adam Boqvist, Michael Anderson

Scratches
Brett Pollock (Healthy), Timothy Liljegren (Torn Left MCL Injury), Mikhail Abramov (Healthy), Mattias Norlinder (Healthy), Nathan Legare (Healthy)
Arvid Soderblom (Healthy), Kirill Ustimenko (Healthy)

Wolfpack

5 vs 5 Forward 
   Center                   Left Wing                Right Wing               Time % Phy DF OF 
 1 Nolan Patrick            Alexander Barabanov      Sebastian Collberg       40     1   2  2  
 2 Alex Barre-Boulet        Dryden Hunt              Owen Tippet              30     1   2  2  
 3 Jake Marchment           Yegor Korshkov           Linus Sandin             20     1   2  2  
 4 Shane Pinto              Jeffrey Viel             Andrei Altybarmakyan     10     1   2  2  

5 vs 5 Defense 
   Defense                  Defense                                           Time % Phy DF OF 
 1 Derrick Pouliot          Ryan Culkin                                       40     1   2  2  
 2 Colton White             K'Andre Miller                                    30     1   2  2  
 3 Cale Fleury              Joshua Jacobs                                     20     1   2  2  
 4 Derrick Pouliot          Ryan Culkin                                       10     1   2  2  

PowerPlay Forward 
   Center                   Left Wing                Right Wing               Time % Phy DF OF 
 1 Nolan Patrick            Alexander Barabanov      Sebastian Collberg       60     1   2  2  
 2 Alex Barre-Boulet        Dryden Hunt              Owen Tippet              40     1   2  2  

PowerPlay Defense
   Defense                  Defense                                           Time % Phy DF OF 
 1 Derrick Pouliot          Ryan Culkin                                       60     1   2  2  
 2 Colton White             K'Andre Miller                                    40     1   2  2  

Penalty Kill 4 Players Forward 
   Center                   Wing                     Time % Phy DF OF 
 1 Sebastian Collberg       Nolan Patrick            60     1   2  2  
 2 Owen Tippet              Alexander Barabanov      40     1   2  2  

Penalty Kill 4 Players Defense
   Defense                  Defense                  Time % Phy DF OF 
 1 Derrick Pouliot          Ryan Culkin              60     1   2  2  
 2 Colton White             K'Andre Miller           40     1   2  2  

Penalty Kill - 3 Players Forward 
   Forward                                           Time % Phy DF OF 
 1 Sebastian Collberg                                60     1   2  2  
 2 Nolan Patrick                                     40     1   2  2  

Penalty Kill - 3 Players Defense
   Defense                  Defense                  Time % Phy DF OF 
 1 Derrick Pouliot          Ryan Culkin              60     1   2  2  
 2 Colton White             K'Andre Miller           40     1   2  2  

4 vs 4 Forward 
   Center                   Wing                     Time % Phy DF OF 
 1 Sebastian Collberg       Nolan Patrick            60     1   2  2  
 2 Owen Tippet              Alexander Barabanov      40     1   2  2  

4 vs 4 Defense
   Defense                  Defense                  Time % Phy DF OF 
 1 Derrick Pouliot          Ryan Culkin              60     1   2  2  
 2 Colton White             K'Andre Miller           40     1   2  2  

Last Minutes Offensive
   Center                   Left Wing                Right Wing               Defense                  Defense                  
   Nolan Patrick            Alexander Barabanov      Sebastian Collberg       Derrick Pouliot          Ryan Culkin              

Last Minutes Defensive
   Center                   Left Wing                Right Wing               Defense                  Defense                  
   Nolan Patrick            Alexander Barabanov      Sebastian Collberg       Derrick Pouliot          Ryan Culkin              

Goaltenders
Starting : Samuel Ersson            
Backup : Charlie Lindgren         

Extra Forwards
Normal : Jake Marchment, Linus Sandin, Andrei Altybarmakyan - PP : Jake Marchment, Linus Sandin - PK : Andrei Altybarmakyan
Extra Defensemen
Normal : Cale Fleury, Joshua Jacobs, Colton White - PP : Cale Fleury - PK : Joshua Jacobs, Colton White
Penalty Shots
Sebastian Collberg, Nolan Patrick, Owen Tippet, Alexander Barabanov, Dryden Hunt
Custom OT Lines Forwards
Sebastian Collberg, Nolan Patrick, Owen Tippet, Alexander Barabanov, Dryden Hunt, Alex Barre-Boulet, Jake Marchment, Linus Sandin, Andrei Altybarmakyan, Yegor Korshkov
Custom OT Lines Defensemen
Derrick Pouliot, Ryan Culkin, Colton White, K'Andre Miller, Cale Fleury

Scratches
Ryan Poehling (Healthy), Mason Shaw (Healthy), Ben Jones (Healthy), Samuel Houde (Healthy), Dylan Samberg (Healthy)
Mikhail Vorobyev (Healthy), Andrew Peeke (Healthy), Dante Fabbro (Healthy), Alexander Volkov (Healthy), Jack Drury (Healthy)
Jakub Lauko (Healthy), Martin Kaut (Healthy), Mathias Laferriere (Healthy), Maxwell Crozier (Healthy), Will Francis (Healthy)
Dustin Wolf (Healthy)

% Time on Ice - Checkers

Lines # - Real PCT - Wanted PCT - Time Play
Normal Forward
1 - 39% - 40% - 16:46
2 - 25% - 30% - 11:01
3 - 22% - 20% - 9:32
4 - 14% - 10% - 6:01
Normal Defense
1 - 42% - 40% - 18:02
2 - 30% - 30% - 13:02
3 - 25% - 20% - 10:47
4 - 3% - 10% - 1:29
PP Forward
1 - 55% - 60% - 3:21
2 - 45% - 40% - 2:45
PP Defense
1 - 71% - 60% - 4:19
2 - 29% - 40% - 1:47
PK Forward
1 - 65% - 60% - 6:51
2 - 35% - 40% - 3:43
PK Defense
1 - 57% - 60% - 6:01
2 - 43% - 40% - 4:33
PK3 Forward
1 - 0% - 60%
2 - 0% - 40%
PK3 Defense
1 - 0% - 60%
2 - 0% - 40%
44 Forward
1 - 0% - 60%
2 - 0% - 40%
44 Defense
1 - 0% - 60%
2 - 0% - 40%
Last Minute Offensive  - 0:00
Last Minute Defensive  - 0:00
Total
Forward - 60:00
Defense - 60:00

% Time on Ice - Wolfpack

Lines # - Real PCT - Wanted PCT - Time Play
Normal Forward
1 - 35% - 40% - 15:06
2 - 26% - 30% - 11:18
3 - 21% - 20% - 9:13
4 - 18% - 10% - 7:43
Normal Defense
1 - 38% - 40% - 16:37
2 - 37% - 30% - 15:50
3 - 22% - 20% - 9:23
4 - 3% - 10% - 1:30
PP Forward
1 - 58% - 60% - 6:07
2 - 42% - 40% - 4:27
PP Defense
1 - 61% - 60% - 6:27
2 - 39% - 40% - 4:07
PK Forward
1 - 69% - 60% - 4:13
2 - 31% - 40% - 1:53
PK Defense
1 - 57% - 60% - 3:27
2 - 43% - 40% - 2:39
PK3 Forward
1 - 0% - 60%
2 - 0% - 40%
PK3 Defense
1 - 0% - 60%
2 - 0% - 40%
44 Forward
1 - 0% - 60%
2 - 0% - 40%
44 Defense
1 - 0% - 60%
2 - 0% - 40%
Last Minute Offensive  - 0:00
Last Minute Defensive  - 0:00
Total
Forward - 60:00
Defense - 60:00

Play-by-Play

1st period


0:01 of 1st period - Dylan Gambrell wins face-off versus Nolan Patrick in neutral zone.
1:07 of 1st period - Adam Boqvist is hit by Colton White and loses puck.
1:28 of 1st period - Cale Fleury is hit by Adam Boqvist.
2:08 of 1st period - Minor Penalty to Dryden Hunt for Tripping.
2:09 of 1st period - Dylan Gambrell wins face-off versus Sebastian Collberg in Wolfpack zone.
2:44 of 1st period - Wrist shot by Nick Abruzzese.
2:44 of 1st period - Stopped by Samuel Ersson with a rebound.
4:08 of 1st period - Penalty to Dryden Hunt is over, Dryden Hunt is back on ice.
4:48 of 1st period - Michael Anderson is hit by Joshua Jacobs and loses puck.
5:07 of 1st period - Icing by Jordan Harris.
5:08 of 1st period - Shane Bowers wins face-off versus Alex Barre-Boulet in Checkers zone.
5:08 of 1st period - Shane Bowers is hit by Derrick Pouliot.
5:26 of 1st period - Dylan Gambrell is hit by Nolan Patrick and loses puck.
5:58 of 1st period - Icing by Ryan Culkin.
5:59 of 1st period - Dylan Gambrell wins face-off versus Jake Marchment in Wolfpack zone.
6:02 of 1st period - Snap shot by Dylan Gambrell.
6:02 of 1st period - Shot Misses the Net.
6:04 of 1st period - Snap shot by Patrick Brown.
6:04 of 1st period - Goal by Patrick Brown - Checkers : 1 - Wolfpack : 0.
6:05 of 1st period - Nolan Patrick wins face-off versus Dylan Gambrell in neutral zone.
6:30 of 1st period - K'Andre Miller is hit by Alexander Romanov and loses puck.
6:35 of 1st period - Snap shot by Kieffer Bellows.
6:35 of 1st period - Shot Misses the Net.
6:37 of 1st period - Slapshot by Roberts Lipsbergs.
6:37 of 1st period - Deflect By Alexander Barabanov.
6:37 of 1st period - Stopped by Samuel Ersson with a rebound.
6:39 of 1st period - Slapshot by Viktor Baldayev.
6:39 of 1st period - Deflect By Kieffer Bellows.
6:39 of 1st period - Shot Misses the Net.
6:39 of 1st period - Puck is out of play.
6:40 of 1st period - Dylan Gambrell wins face-off versus Alex Barre-Boulet in Wolfpack zone.
6:45 of 1st period - Slapshot by Patrick Brown.
6:45 of 1st period - Shot Blocked by Owen Tippet.
7:05 of 1st period - Brendan Leipsic is hit by Linus Sandin and loses puck.
7:48 of 1st period - Wrist shot by Nolan Patrick.
7:48 of 1st period - Shot Blocked by Alexander Romanov.
7:54 of 1st period - Snap shot by Nolan Patrick.
7:54 of 1st period - Shot Misses the Net.
7:58 of 1st period - Snap shot by Sebastian Collberg.
7:58 of 1st period - Goal by Sebastian Collberg - Checkers : 1 - Wolfpack : 1.
7:59 of 1st period - Dylan Gambrell wins face-off versus Nolan Patrick in neutral zone.
8:01 of 1st period - Minor Penalty to Alexander Romanov for Interference.
8:02 of 1st period - Nick Abruzzese wins face-off versus Nolan Patrick in Checkers zone.
9:09 of 1st period - Nathan Walker is hit by Alex Barre-Boulet and loses puck.
9:55 of 1st period - Nolan Patrick is hit by Adam Boqvist and loses puck.
10:00 of 1st period - Snap shot by Mitchell Heard.
10:00 of 1st period - Shot Misses the Net.
10:01 of 1st period - Penalty to Alexander Romanov is over, Alexander Romanov is back on ice.
10:15 of 1st period - Off-side.
10:16 of 1st period - Jake Marchment wins face-off versus Shane Bowers in neutral zone.
10:18 of 1st period - Minor Penalty to Jake Marchment for Roughing.
10:19 of 1st period - Dylan Gambrell wins face-off versus Sebastian Collberg in Wolfpack zone.
10:27 of 1st period - Snap shot by Patrick Brown.
10:27 of 1st period - Goal by Patrick Brown - Checkers : 2 - Wolfpack : 1.
10:28 of 1st period - Dylan Gambrell wins face-off versus Nolan Patrick in neutral zone.
11:03 of 1st period - Ryan Pulock is hit by Linus Sandin and loses puck.
11:08 of 1st period - Slapshot by Yegor Korshkov.
11:08 of 1st period - Shot Misses the Net.
11:34 of 1st period - Snap shot by Nathan Walker.
11:34 of 1st period - Shot Blocked by Colton White.
11:51 of 1st period - Icing by Colton White.
11:52 of 1st period - Alex Barre-Boulet wins face-off versus Nick Abruzzese in Wolfpack zone.
12:01 of 1st period - Snap shot by Alex Barre-Boulet.
12:01 of 1st period - Stopped by Brandon Halverson without a rebound.
12:02 of 1st period - Nick Abruzzese wins face-off versus Nolan Patrick in Checkers zone.
12:02 of 1st period - Nick Abruzzese is hit by Sebastian Collberg.
12:17 of 1st period - Minor Penalty to Alexander Barabanov for Roughing.
12:18 of 1st period - Sebastian Collberg wins face-off versus Brendan Leipsic in Wolfpack zone.
12:52 of 1st period - Slapshot by Derrick Pouliot.
12:52 of 1st period - Shot Blocked by Viktor Baldayev.
12:58 of 1st period - Snap shot by Owen Tippet.
12:58 of 1st period - Shot Blocked by Adam Boqvist.
13:00 of 1st period - Slapshot by K'Andre Miller.
13:00 of 1st period - Shot Blocked by Adam Boqvist.
13:02 of 1st period - Slapshot by Colton White.
13:02 of 1st period - Stopped by Brandon Halverson with a rebound.
13:42 of 1st period - Patrick Brown is hit by Ryan Culkin and loses puck.
14:17 of 1st period - Penalty to Alexander Barabanov is over, Alexander Barabanov is back on ice.
14:23 of 1st period - Viktor Baldayev is hit by Yegor Korshkov and loses puck.
14:42 of 1st period - Wrist shot by Rafael Harvey-Pinard.
14:42 of 1st period - Stopped by Samuel Ersson without a rebound.
14:43 of 1st period - Tyce Thompson wins face-off versus Shane Pinto in Wolfpack zone.
14:44 of 1st period - Wrist shot by Shane Bowers.
14:44 of 1st period - Stopped by Samuel Ersson with a rebound.
14:46 of 1st period - Slapshot by Jordan Harris.
14:46 of 1st period - Shot Blocked by Ryan Culkin.
15:05 of 1st period - Icing by Ryan Culkin.
15:06 of 1st period - Shane Pinto wins face-off versus Mitchell Heard in Wolfpack zone.
15:06 of 1st period - Shane Pinto is hit by Alexander Romanov.
15:18 of 1st period - Wrist shot by Sebastian Collberg.
15:18 of 1st period - Shot Misses the Net.
15:20 of 1st period - Snap shot by Sebastian Collberg.
15:20 of 1st period - Shot Blocked by Ryan Pulock.
15:22 of 1st period - Wrist shot by Sebastian Collberg.
15:22 of 1st period - Shot Misses the Net.
15:24 of 1st period - Snap shot by Nolan Patrick.
15:24 of 1st period - Deflect By Sebastian Collberg.
15:24 of 1st period - Shot Blocked by Alexander Romanov.
15:24 of 1st period - Puck is out of play.
15:25 of 1st period - Dylan Gambrell wins face-off versus Alex Barre-Boulet in Checkers zone.
15:40 of 1st period - Slapshot by Dylan Gambrell.
15:40 of 1st period - Stopped by Samuel Ersson with a rebound.
15:55 of 1st period - Icing by Patrick Brown.
15:56 of 1st period - Nolan Patrick wins face-off versus Dylan Gambrell in Checkers zone.
15:59 of 1st period - Snap shot by Sebastian Collberg.
15:59 of 1st period - Shot Blocked by Nathan Walker.
16:07 of 1st period - Snap shot by Nolan Patrick.
16:07 of 1st period - Deflect By Alexander Barabanov.
16:07 of 1st period - Stopped by Brandon Halverson without a rebound.
16:08 of 1st period - Nolan Patrick wins face-off versus Nick Abruzzese in Checkers zone.
17:41 of 1st period - Icing by Alexander Barabanov.
17:42 of 1st period - Nolan Patrick wins face-off versus Shane Bowers in Wolfpack zone.
17:55 of 1st period - Slapshot by Adam Boqvist.
17:55 of 1st period - Deflect By Shane Bowers.
17:55 of 1st period - Shot Blocked by Sebastian Collberg.
17:55 of 1st period - Puck is out of play.
17:56 of 1st period - Dylan Gambrell wins face-off versus Alex Barre-Boulet in Wolfpack zone.
17:59 of 1st period - Wrist shot by Dylan Gambrell.
17:59 of 1st period - Shot Blocked by Alex Barre-Boulet.
18:01 of 1st period - Slapshot by Adam Boqvist.
18:01 of 1st period - Stopped by Samuel Ersson with a rebound.
18:03 of 1st period - Wrist shot by Patrick Brown.
18:03 of 1st period - Stopped by Samuel Ersson without a rebound.
18:04 of 1st period - Dylan Gambrell wins face-off versus Alex Barre-Boulet in Wolfpack zone.
18:28 of 1st period - Off-side.
18:29 of 1st period - Nick Abruzzese wins face-off versus Nolan Patrick in neutral zone.
18:34 of 1st period - Wrist shot by Brendan Leipsic.
18:34 of 1st period - Shot Misses the Net.
18:59 of 1st period - Wrist shot by Owen Tippet.
18:59 of 1st period - Stopped by Brandon Halverson with a rebound.
19:38 of 1st period - Wrist shot by Michael Anderson.
19:38 of 1st period - Stopped by Samuel Ersson with a rebound.
19:48 of 1st period - Nolan Patrick is hit by Shane Bowers and loses puck.
Goals for this period are 2 for Checkers vs 1 for Wolfpack.
Shots for this period are 10 for Checkers vs 5 for Wolfpack.

2nd period


0:01 of 2nd period - Nolan Patrick wins face-off versus Nick Abruzzese in neutral zone.
0:06 of 2nd period - Slapshot by Ryan Culkin.
0:06 of 2nd period - Deflect By Nolan Patrick.
0:06 of 2nd period - Shot Misses the Net.
0:06 of 2nd period - Puck is out of play.
0:07 of 2nd period - Alexander Barabanov wins face-off versus Nick Abruzzese in Checkers zone.
0:12 of 2nd period - Slapshot by Sebastian Collberg.
0:12 of 2nd period - Stopped by Brandon Halverson with a rebound.
0:14 of 2nd period - Slapshot by Nolan Patrick.
0:14 of 2nd period - Stopped by Brandon Halverson with a rebound.
0:16 of 2nd period - Wrist shot by Sebastian Collberg.
0:16 of 2nd period - Stopped by Brandon Halverson with a rebound.
0:18 of 2nd period - Snap shot by Sebastian Collberg.
0:18 of 2nd period - Shot Misses the Net.
0:20 of 2nd period - Snap shot by Alexander Barabanov.
0:20 of 2nd period - Shot Blocked by Ryan Pulock.
0:22 of 2nd period - Slapshot by Sebastian Collberg.
0:22 of 2nd period - Stopped by Brandon Halverson with a rebound.
0:24 of 2nd period - Slapshot by Sebastian Collberg.
0:24 of 2nd period - Deflect By Nolan Patrick.
0:24 of 2nd period - Stopped by Brandon Halverson with a rebound.
0:26 of 2nd period - Snap shot by Ryan Culkin.
0:26 of 2nd period - Stopped by Brandon Halverson without a rebound.
0:27 of 2nd period - Alex Barre-Boulet wins face-off versus Dylan Gambrell in Checkers zone.
0:32 of 2nd period - Wrist shot by Alex Barre-Boulet.
0:32 of 2nd period - Shot Misses the Net.
1:02 of 2nd period - Slapshot by Brendan Leipsic.
1:02 of 2nd period - Shot Misses the Net.
1:14 of 2nd period - Snap shot by Linus Sandin.
1:14 of 2nd period - Shot Blocked by Alexander Romanov.
1:43 of 2nd period - Off-side.
1:44 of 2nd period - Austin Poganski wins face-off versus Nolan Patrick in neutral zone.
1:54 of 2nd period - Wrist shot by Nolan Patrick.
1:54 of 2nd period - Stopped by Brandon Halverson with a rebound.
1:56 of 2nd period - Snap shot by Alexander Barabanov.
1:56 of 2nd period - Shot Misses the Net.
1:58 of 2nd period - Snap shot by Alexander Barabanov.
1:58 of 2nd period - Shot Misses the Net.
2:00 of 2nd period - Snap shot by Alexander Barabanov.
2:00 of 2nd period - Stopped by Brandon Halverson without a rebound.
2:01 of 2nd period - Dylan Gambrell wins face-off versus Alex Barre-Boulet in Checkers zone.
2:01 of 2nd period - Dylan Gambrell is hit by Dryden Hunt.
2:15 of 2nd period - Snap shot by Dryden Hunt.
2:15 of 2nd period - Shot Blocked by Viktor Baldayev.
2:17 of 2nd period - Snap shot by Dryden Hunt.
2:17 of 2nd period - Stopped by Brandon Halverson with a rebound.
2:27 of 2nd period - Ryan Culkin is hit by Brendan Leipsic.
2:52 of 2nd period - Wrist shot by Andrei Altybarmakyan.
2:52 of 2nd period - Shot Misses the Net.
3:57 of 2nd period - Wrist shot by Brendan Leipsic.
3:57 of 2nd period - Shot Misses the Net.
3:59 of 2nd period - Wrist shot by Brendan Leipsic.
3:59 of 2nd period - Stopped by Samuel Ersson with a rebound.
4:01 of 2nd period - Wrist shot by Brendan Leipsic.
4:01 of 2nd period - Stopped by Samuel Ersson with a rebound.
4:10 of 2nd period - Off-side.
4:11 of 2nd period - Mitchell Heard wins face-off versus Shane Pinto in neutral zone.
4:16 of 2nd period - Snap shot by Roberts Lipsbergs.
4:16 of 2nd period - Shot Misses the Net.
4:58 of 2nd period - Wrist shot by Dryden Hunt.
4:58 of 2nd period - Shot Misses the Net.
5:00 of 2nd period - Snap shot by Dryden Hunt.
5:00 of 2nd period - Shot Misses the Net.
5:02 of 2nd period - Slapshot by Alex Barre-Boulet.
5:02 of 2nd period - Shot Misses the Net.
6:03 of 2nd period - Off-side.
6:04 of 2nd period - Dylan Gambrell wins face-off versus Jeffrey Viel in neutral zone.
6:11 of 2nd period - Ryan Pulock is hit by Jeffrey Viel and loses puck.
6:18 of 2nd period - Wrist shot by Nathan Walker.
6:18 of 2nd period - Shot Blocked by Colton White.
6:37 of 2nd period - Wrist shot by Andrei Altybarmakyan.
6:37 of 2nd period - Stopped by Brandon Halverson with a rebound.
6:59 of 2nd period - Wrist shot by Dylan Gambrell.
6:59 of 2nd period - Stopped by Samuel Ersson with a rebound.
7:09 of 2nd period - Snap shot by Andrei Altybarmakyan.
7:09 of 2nd period - Stopped by Brandon Halverson with a rebound.
7:29 of 2nd period - Slapshot by Ryan Pulock.
7:29 of 2nd period - Deflect By Patrick Brown.
7:29 of 2nd period - Stopped by Samuel Ersson with a rebound.
7:37 of 2nd period - Snap shot by Shane Pinto.
7:37 of 2nd period - Shot Misses the Net.
7:39 of 2nd period - Snap shot by Andrei Altybarmakyan.
7:39 of 2nd period - Shot Misses the Net.
7:49 of 2nd period - Slapshot by Shane Pinto.
7:49 of 2nd period - Shot Hit the Post.
8:05 of 2nd period - Slapshot by Shane Pinto.
8:05 of 2nd period - Deflect By Andrei Altybarmakyan.
8:05 of 2nd period - Shot Misses the Net.
8:05 of 2nd period - Puck is out of play.
8:06 of 2nd period - Nolan Patrick wins face-off versus Nick Abruzzese in Checkers zone.
8:15 of 2nd period - Snap shot by Brendan Leipsic.
8:15 of 2nd period - Stopped by Samuel Ersson with a rebound.
8:17 of 2nd period - Wrist shot by Austin Poganski.
8:17 of 2nd period - Stopped by Samuel Ersson without a rebound.
8:18 of 2nd period - Nolan Patrick wins face-off versus Nick Abruzzese in Wolfpack zone.
8:45 of 2nd period - Roberts Lipsbergs is hit by Derrick Pouliot and loses puck.
8:54 of 2nd period - Snap shot by Owen Tippet.
8:54 of 2nd period - Shot Misses the Net.
8:56 of 2nd period - Slapshot by Joshua Jacobs.
8:56 of 2nd period - Shot Misses the Net.
9:35 of 2nd period - Off-side.
9:36 of 2nd period - Owen Tippet wins face-off versus Mitchell Heard in neutral zone.
9:38 of 2nd period - Off-side.
9:39 of 2nd period - Alex Barre-Boulet wins face-off versus Mitchell Heard in neutral zone.
10:04 of 2nd period - Slapshot by Derrick Pouliot.
10:04 of 2nd period - Shot Misses the Net.
10:06 of 2nd period - Slapshot by Alexander Barabanov.
10:06 of 2nd period - Shot Hit the Post.
10:08 of 2nd period - Slapshot by Derrick Pouliot.
10:08 of 2nd period - Stopped by Brandon Halverson with a rebound.
10:12 of 2nd period - Wrist shot by Nolan Patrick.
10:12 of 2nd period - Stopped by Brandon Halverson without a rebound.
10:13 of 2nd period - Nolan Patrick wins face-off versus Mitchell Heard in Checkers zone.
10:18 of 2nd period - Snap shot by Nolan Patrick.
10:18 of 2nd period - Stopped by Brandon Halverson with a rebound.
10:24 of 2nd period - Joshua Jacobs is hit by Roberts Lipsbergs.
10:28 of 2nd period - Wrist shot by Mitchell Heard.
10:28 of 2nd period - Shot Misses the Net.
11:32 of 2nd period - Shane Bowers is hit by Jake Marchment and loses puck.
11:47 of 2nd period - Slapshot by Roberts Lipsbergs.
11:47 of 2nd period - Stopped by Samuel Ersson with a rebound.
11:55 of 2nd period - Kieffer Bellows is hit by Shane Pinto and loses puck.
12:08 of 2nd period - Ryan Culkin is hit by Dylan Gambrell and loses puck.
12:13 of 2nd period - Snap shot by Nathan Walker.
12:13 of 2nd period - Stopped by Samuel Ersson with a rebound.
12:15 of 2nd period - Snap shot by Dylan Gambrell.
12:15 of 2nd period - Stopped by Samuel Ersson without a rebound.
12:16 of 2nd period - Dylan Gambrell wins face-off versus Alexander Barabanov in Wolfpack zone.
12:17 of 2nd period - Wrist shot by Patrick Brown.
12:17 of 2nd period - Shot Blocked by Joshua Jacobs.
12:19 of 2nd period - Snap shot by Nathan Walker.
12:19 of 2nd period - Shot Misses the Net.
12:21 of 2nd period - Snap shot by Nathan Walker.
12:21 of 2nd period - Deflect By Dylan Gambrell.
12:21 of 2nd period - Stopped by Samuel Ersson without a rebound.
12:22 of 2nd period - Nolan Patrick wins face-off versus Dylan Gambrell in Wolfpack zone.
12:57 of 2nd period - Snap shot by Brendan Leipsic.
12:57 of 2nd period - Shot Misses the Net.
13:19 of 2nd period - Slapshot by Roberts Lipsbergs.
13:19 of 2nd period - Stopped by Samuel Ersson with a rebound.
14:10 of 2nd period - Wrist shot by Austin Poganski.
14:10 of 2nd period - Shot Misses the Net.
14:12 of 2nd period - Wrist shot by Austin Poganski.
14:12 of 2nd period - Shot Misses the Net.
14:14 of 2nd period - Snap shot by Adam Boqvist.
14:14 of 2nd period - Shot Misses the Net.
14:16 of 2nd period - Wrist shot by Austin Poganski.
14:16 of 2nd period - Goal by Austin Poganski - Checkers : 3 - Wolfpack : 1.
14:17 of 2nd period - Dylan Gambrell wins face-off versus Nolan Patrick in neutral zone.
14:17 of 2nd period - Minor Penalty to Nathan Walker for Holding.
14:18 of 2nd period - Nick Abruzzese wins face-off versus Nolan Patrick in Checkers zone.
14:55 of 2nd period - Snap shot by Alex Barre-Boulet.
14:55 of 2nd period - Shot Blocked by Ryan Pulock.
16:17 of 2nd period - Penalty to Nathan Walker is over, Nathan Walker is back on ice.
16:24 of 2nd period - Snap shot by Andrei Altybarmakyan.
16:24 of 2nd period - Shot Misses the Net.
16:40 of 2nd period - Wrist shot by Nathan Walker.
16:40 of 2nd period - Shot Blocked by Joshua Jacobs.
16:42 of 2nd period - Snap shot by Brendan Leipsic.
16:42 of 2nd period - Stopped by Samuel Ersson with a rebound.
16:44 of 2nd period - Snap shot by Brendan Leipsic.
16:44 of 2nd period - Shot Blocked by Joshua Jacobs.
16:46 of 2nd period - Slapshot by Viktor Baldayev.
16:46 of 2nd period - Stopped by Samuel Ersson without a rebound.
16:47 of 2nd period - Jake Marchment wins face-off versus Mitchell Heard in Wolfpack zone.
16:51 of 2nd period - Off-side.
16:52 of 2nd period - Jake Marchment wins face-off versus Mitchell Heard in neutral zone.
16:55 of 2nd period - Jordan Harris is hit by Yegor Korshkov and loses puck.
18:05 of 2nd period - Snap shot by Shane Pinto.
18:05 of 2nd period - Stopped by Brandon Halverson without a rebound.
18:06 of 2nd period - Nolan Patrick wins face-off versus Dylan Gambrell in Checkers zone.
18:12 of 2nd period - Minor Penalty to Viktor Baldayev for Tripping.
18:13 of 2nd period - Nick Abruzzese wins face-off versus Nolan Patrick in Checkers zone.
18:27 of 2nd period - Snap shot by Sebastian Collberg.
18:27 of 2nd period - Stopped by Brandon Halverson with a rebound.
18:29 of 2nd period - Snap shot by Alexander Barabanov.
18:29 of 2nd period - Goal by Alexander Barabanov - Checkers : 3 - Wolfpack : 2.
18:30 of 2nd period - Dylan Gambrell wins face-off versus Nolan Patrick in neutral zone.
18:33 of 2nd period - Sebastian Collberg is hit by Dylan Gambrell and loses puck.
19:21 of 2nd period - Brendan Leipsic is hit by Joshua Jacobs and loses puck.
19:28 of 2nd period - Snap shot by Nick Abruzzese.
19:28 of 2nd period - Goal by Nick Abruzzese - Checkers : 4 - Wolfpack : 2.
19:29 of 2nd period - Alex Barre-Boulet wins face-off versus Nathan Walker in neutral zone.
19:42 of 2nd period - Patrick Brown is hit by Dryden Hunt and loses puck.
19:51 of 2nd period - Minor Penalty to Dylan Gambrell for Slashing.
19:52 of 2nd period - Nick Abruzzese wins face-off versus Nolan Patrick in Checkers zone.
Goals for this period are 2 for Checkers vs 1 for Wolfpack.
Shots for this period are 15 for Checkers vs 17 for Wolfpack.

3rd period


0:01 of 3rd period - Nolan Patrick wins face-off versus Nick Abruzzese in neutral zone.
0:13 of 3rd period - Snap shot by Sebastian Collberg.
0:13 of 3rd period - Goal by Sebastian Collberg - Checkers : 4 - Wolfpack : 3.
0:14 of 3rd period - Nolan Patrick wins face-off versus Patrick Brown in neutral zone.
0:40 of 3rd period - Dryden Hunt is hit by Austin Poganski.
0:44 of 3rd period - Slapshot by Nick Abruzzese.
0:44 of 3rd period - Deflect By Brendan Leipsic.
0:44 of 3rd period - Shot Misses the Net.
0:44 of 3rd period - Puck is out of play.
0:45 of 3rd period - Alex Barre-Boulet wins face-off versus Nick Abruzzese in Wolfpack zone.
1:10 of 3rd period - Snap shot by Yegor Korshkov.
1:10 of 3rd period - Shot Misses the Net.
1:32 of 3rd period - Alexander Romanov is hit by Derrick Pouliot and loses puck.
1:36 of 3rd period - Icing by Patrick Brown.
1:37 of 3rd period - Dylan Gambrell wins face-off versus Nolan Patrick in Checkers zone.
1:44 of 3rd period - Snap shot by Viktor Baldayev.
1:44 of 3rd period - Stopped by Samuel Ersson without a rebound.
1:45 of 3rd period - Nolan Patrick wins face-off versus Dylan Gambrell in Wolfpack zone.
1:57 of 3rd period - Minor Penalty to Nathan Walker for Tripping.
1:58 of 3rd period - Nolan Patrick wins face-off versus Nick Abruzzese in Checkers zone.
2:08 of 3rd period - Snap shot by Sebastian Collberg.
2:08 of 3rd period - Stopped by Brandon Halverson with a rebound.
3:30 of 3rd period - Colton White is hit by Austin Poganski and loses puck.
3:43 of 3rd period - Austin Poganski is hit by Dryden Hunt and loses puck.
3:57 of 3rd period - Penalty to Nathan Walker is over, Nathan Walker is back on ice.
4:00 of 3rd period - Wrist shot by Nathan Walker.
4:00 of 3rd period - Deflect By Mitchell Heard.
4:00 of 3rd period - Stopped by Samuel Ersson with a rebound.
4:02 of 3rd period - Snap shot by Nathan Walker.
4:02 of 3rd period - Shot Hit the Post.
4:04 of 3rd period - Snap shot by Adam Boqvist.
4:04 of 3rd period - Stopped by Samuel Ersson with a rebound.
4:06 of 3rd period - Snap shot by Brendan Leipsic.
4:06 of 3rd period - Goal by Brendan Leipsic - Checkers : 5 - Wolfpack : 3.
4:07 of 3rd period - Nolan Patrick wins face-off versus Mitchell Heard in neutral zone.
4:44 of 3rd period - Alex Barre-Boulet is hit by Patrick Brown and loses puck.
5:05 of 3rd period - Wrist shot by Rafael Harvey-Pinard.
5:05 of 3rd period - Stopped by Samuel Ersson without a rebound.
5:06 of 3rd period - Nolan Patrick wins face-off versus Dylan Gambrell in Wolfpack zone.
5:29 of 3rd period - Minor Penalty to Dylan Gambrell for Cross-checking.
5:30 of 3rd period - Nolan Patrick wins face-off versus Nick Abruzzese in Checkers zone.
5:37 of 3rd period - Slapshot by Derrick Pouliot.
5:37 of 3rd period - Shot Misses the Net.
5:39 of 3rd period - Wrist shot by Nolan Patrick.
5:39 of 3rd period - Shot Hit the Post.
5:41 of 3rd period - Wrist shot by Ryan Culkin.
5:41 of 3rd period - Shot Misses the Net.
6:05 of 3rd period - Snap shot by Dryden Hunt.
6:05 of 3rd period - Stopped by Brandon Halverson with a rebound.
6:07 of 3rd period - Slapshot by K'Andre Miller.
6:07 of 3rd period - Shot Misses the Net.
6:13 of 3rd period - Slapshot by Alex Barre-Boulet.
6:13 of 3rd period - Shot Blocked by Ryan Pulock.
7:22 of 3rd period - Owen Tippet is hit by Adam Boqvist and loses puck.
7:29 of 3rd period - Penalty to Dylan Gambrell is over, Dylan Gambrell is back on ice.
7:43 of 3rd period - Slapshot by Andrei Altybarmakyan.
7:43 of 3rd period - Shot Hit the Post.
7:45 of 3rd period - Slapshot by Ryan Culkin.
7:45 of 3rd period - Shot Misses the Net.
7:47 of 3rd period - Slapshot by Ryan Culkin.
7:47 of 3rd period - Stopped by Brandon Halverson with a rebound.
7:49 of 3rd period - Wrist shot by Ryan Culkin.
7:49 of 3rd period - Stopped by Brandon Halverson without a rebound.
7:50 of 3rd period - Mitchell Heard wins face-off versus Jake Marchment in Checkers zone.
8:06 of 3rd period - Minor Penalty to Michael Anderson for Hooking.
8:07 of 3rd period - Nick Abruzzese wins face-off versus Nolan Patrick in Checkers zone.
9:06 of 3rd period - Wrist shot by Sebastian Collberg.
9:06 of 3rd period - Shot Blocked by Nathan Walker.
9:08 of 3rd period - Backhand shot by Colton White.
9:08 of 3rd period - Stopped by Brandon Halverson without a rebound.
9:09 of 3rd period - Nolan Patrick wins face-off versus Dylan Gambrell in Checkers zone.
9:18 of 3rd period - Slapshot by Nolan Patrick.
9:18 of 3rd period - Shot Blocked by Alexander Romanov.
9:20 of 3rd period - Snap shot by Ryan Culkin.
9:20 of 3rd period - Shot Blocked by Alexander Romanov.
9:22 of 3rd period - Snap shot by Nolan Patrick.
9:22 of 3rd period - Shot Misses the Net.
9:24 of 3rd period - Snap shot by Alexander Barabanov.
9:24 of 3rd period - Stopped by Brandon Halverson with a rebound.
10:06 of 3rd period - Penalty to Michael Anderson is over, Michael Anderson is back on ice.
10:23 of 3rd period - Jordan Harris is hit by Yegor Korshkov.
11:04 of 3rd period - Minor Penalty to Dryden Hunt for Hooking.
11:05 of 3rd period - Sebastian Collberg wins face-off versus Dylan Gambrell in Wolfpack zone.
11:15 of 3rd period - Snap shot by Nathan Walker.
11:15 of 3rd period - Stopped by Samuel Ersson without a rebound.
11:16 of 3rd period - Dylan Gambrell wins face-off versus Sebastian Collberg in Wolfpack zone.
12:27 of 3rd period - Snap shot by Brendan Leipsic.
12:27 of 3rd period - Stopped by Samuel Ersson without a rebound.
12:28 of 3rd period - Sebastian Collberg wins face-off versus Mitchell Heard in Wolfpack zone.
12:40 of 3rd period - Off-side.
12:41 of 3rd period - Patrick Brown wins face-off versus Sebastian Collberg in neutral zone.
13:04 of 3rd period - Penalty to Dryden Hunt is over, Dryden Hunt is back on ice.
13:12 of 3rd period - Wrist shot by Nick Abruzzese.
13:12 of 3rd period - Shot Blocked by Ryan Culkin.
14:49 of 3rd period - Snap shot by Nolan Patrick.
14:49 of 3rd period - Stopped by Brandon Halverson without a rebound.
14:50 of 3rd period - Nolan Patrick wins face-off versus Mitchell Heard in Checkers zone.
15:03 of 3rd period - Snap shot by Sebastian Collberg.
15:03 of 3rd period - Stopped by Brandon Halverson without a rebound.
15:04 of 3rd period - Nathan Walker wins face-off versus Jake Marchment in Checkers zone.
15:31 of 3rd period - Alexander Romanov is hit by Nolan Patrick and loses puck.
16:32 of 3rd period - Linus Sandin is hit by Patrick Brown and loses puck.
16:53 of 3rd period - Jordan Harris is hit by Derrick Pouliot and loses puck.
17:13 of 3rd period - Icing by Brendan Leipsic.
17:14 of 3rd period - Alex Barre-Boulet wins face-off versus Roberts Lipsbergs in Checkers zone.
17:43 of 3rd period - Slapshot by Derrick Pouliot.
17:43 of 3rd period - Shot Misses the Net.
17:45 of 3rd period - Slapshot by Derrick Pouliot.
17:45 of 3rd period - Stopped by Brandon Halverson without a rebound.
17:46 of 3rd period - Dylan Gambrell wins face-off versus Linus Sandin in Checkers zone.
18:25 of 3rd period - Wrist shot by Linus Sandin.
18:25 of 3rd period - Shot Misses the Net.
18:27 of 3rd period - Slapshot by K'Andre Miller.
18:27 of 3rd period - Shot Blocked by Adam Boqvist.
18:29 of 3rd period - Slapshot by Colton White.
18:29 of 3rd period - Shot Blocked by Dylan Gambrell.
18:31 of 3rd period - Snap shot by Jake Marchment.
18:31 of 3rd period - Stopped by Brandon Halverson without a rebound.
18:32 of 3rd period - Mitchell Heard wins face-off versus Nolan Patrick in Checkers zone.
19:01 of 3rd period - Snap shot by Shane Bowers.
19:01 of 3rd period - Shot Misses the Net.
19:19 of 3rd period - Off-side.
19:20 of 3rd period - Nolan Patrick wins face-off versus Nathan Walker in neutral zone.
19:27 of 3rd period - Wrist shot by Nolan Patrick.
19:27 of 3rd period - Stopped by Brandon Halverson without a rebound.
19:28 of 3rd period - Nathan Walker wins face-off versus Jake Marchment in Checkers zone.
19:28 of 3rd period - Nathan Walker is hit by Linus Sandin.
19:31 of 3rd period - Ryan Pulock is hit by K'Andre Miller and loses puck.
19:35 of 3rd period - Alexander Romanov is hit by K'Andre Miller and loses puck.
19:58 of 3rd period - Wrist shot by Patrick Brown.
19:58 of 3rd period - Shot Misses the Net.
Goals for this period are 1 for Checkers vs 1 for Wolfpack.
Shots for this period are 7 for Checkers vs 12 for Wolfpack.